 Dungeon Crawl Stone Soup version 0.26-a0-1205-g4083c211ab (webtiles) character file.

Game seed: 5314558536189564956

3566 Goblin1989 the Grappler (level 9, -3/88 HPs)
             Began as a Troll Fighter on Dec 30, 2020.
             Was an Elder of Okawaru.
             Slain by a vampire (6 damage)
             ... on level 8 of the Dungeon.
             The game lasted 00:12:07 (5901 turns).

Goblin1989 the Grappler (Troll Fighter)             Turns: 5901, Time: 00:12:07

Health: -3/88      AC:  7    Str: 26    XL:     9   Next: 84%
Magic:  9/10       EV: 16    Int:  7    God:    Okawaru [****..]
Gold:   358        SH: 12    Dex: 15    Spells: 8/8 levels left

rFire    . . .     SeeInvis .     - Unarmed
rCold    . . .     Faith    .   b - +0 kite shield
rNeg     . . .     Spirit   .   a - +0 robe
rPois    .         Reflect  .   (helmet restricted)
rElec    .         Harm     .   m - +0 cloak
rCorr    .         Rampage  .   (gloves unavailable)
Will     .....                  (boots unavailable)
Stlth    +++.......             (no amulet)
HPRegen  0.64/turn              w - +6 ring of dexterity
MPRegen  0.12/turn              (no ring)

@: heroism
A: large, unfitting armour, claws 3, regeneration 1, shaggy fur 1, tough skin 3
a: Renounce Religion, Heroism


You were on level 8 of the Dungeon.
You worshipped Okawaru.
Okawaru was greatly pleased with you.
You visited 1 branch of the dungeon, and saw 8 of its levels.

You collected 358 gold pieces.

Inventory:

Hand Weapons
 n - a +0 hunting sling
 u - a +0 club
Missiles
 o - 118 sling bullets
 q - 72 bolts
 r - 347 stones (quivered) {@Q3}
 t - 72 poisoned darts
 Q - 24 boomerangs
 Z - a throwing net {!d , @Q1}
Armour
 a - a +0 robe (worn)
 b - a +0 kite shield (worn)
 m - a +0 cloak (worn)
 N - a +0 tower shield
 U - a scarf of harm
Jewellery
 w - a +6 ring of dexterity (left claw)
 K - an uncursed ring of see invisible {unknown}
Wands
 p - a wand of flame (10) {@v6}
 s - a wand of polymorph (6)
 J - a wand of enslavement (12)
 O - a wand of acid (7) {@v2}
 P - a wand of paralysis (9) {@v7}
 V - a wand of iceblast (7) {@v4}
Scrolls
 f - a scroll of blinking {unknown}
 g - 3 scrolls of fear {unknown}
 i - 2 scrolls of amnesia {unknown}
 j - 4 scrolls of enchant weapon {unknown}
 v - 3 scrolls of enchant armour {unknown}
 M - a scroll of fog {unknown}
 R - 8 scrolls of identify {@r1}
 S - a scroll of immolation {unknown}
 T - 4 scrolls of teleportation {!r, @r2}
 W - a scroll of noise {unknown}
Potions
 c - a potion of might {@q4}
 d - 7 potions of curing {@q1}
 L - a potion of resistance {unknown}
 X - 2 potions of magic {unknown}
 Y - 4 potions of degeneration {unknown}


   Skills:
 + Level 5.1(10.1) Fighting
 + Level 4.3(9.3) Throwing
 + Level 5.2(10.2) Dodging
 + Level 5.2(10.2) Shields
 * Level 8.2(13.2) Unarmed Combat
 + Level 3.8 Invocations


You had 8 spell levels left.
You didn't know any spells.
Your spell library contained the following spells:

 Spells                   Type           Power        Failure   Level
 Beastly Appendage        Tmut           0%           43%         1
 Wereblood                Tmut           0%           56%         2
 Spider Form              Tmut/Pois      0%           80%         3
 Ice Form                 Ice/Tmut       0%           99%         4
 Blade Hands              Tmut           0%           100%        5


Dungeon Overview and Level Annotations

Branches:
Dungeon (8/15)             Temple (0/1) D:5
   Lair: D:8-11

Altars:
Ashenzari
Dithmenos
Elyvilon
Fedhas
Okawaru
Trog

Annotations:
D:3 1 runed translucent door, Crazy Yiuf
D:5 2 transporters, ThreePointFourteen's ghost, novice DsGl


Innate Abilities, Weirdness & Mutations

You are too large for most types of armour.
You have claws for hands.
Your natural rate of healing is unusually fast.
You are covered in fur. (AC +1)
You have extremely tough skin. (AC +3)


Message History

You are too injured to fight recklessly!
You are too injured to fight recklessly!
You are too injured to fight recklessly!
You are too injured to fight recklessly!
You are too injured to fight recklessly!
You are too injured to fight recklessly!
You are too injured to fight recklessly!
You are too injured to fight recklessly!
You are too injured to fight recklessly!
You are too injured to fight recklessly!
You are too injured to fight recklessly!
There is a stone staircase leading up here.
An adder comes into view.
You miss something. Something hits you. Something bites you!
* * * LOW HITPOINT WARNING * * *
Something draws strength from your injuries!
You take 12 damage, and have 36/88 hp.
You closely miss something. Something hits you!
* * * LOW HITPOINT WARNING * * *
Something bites you!
* * * LOW HITPOINT WARNING * * *
Something draws strength from your injuries!
You take 14 damage, and have 22/88 hp.
You closely miss something. Something hits you but does no damage.
You block something's attack.
You closely miss something. You block something's attack. Something bites you.
* * * LOW HITPOINT WARNING * * *
Something draws strength from your injuries!
The adder hisses angrily.
A quasit comes into view.
The quasit gives a chilling moan.
The quasit bites you but does no damage.
You block the quasit's attack. x2
Okay, then.
You gain the combat prowess of a mighty hero.
The quasit closely misses you. You block the quasit's attack.
The quasit claws you but does no damage.
You now have 8/10 mp.
Something hits you.
* * * LOW HITPOINT WARNING * * *
Something bites you.
* * * LOW HITPOINT WARNING * * *
Something draws strength from your injuries!
The quasit bites you but does no damage.
You block the quasit's attack.
The quasit claws you but does no damage.
You take 5 damage, and have 23/88 hp.
You claw something! The quasit misses you. You block the quasit's attack.
The quasit claws you but does no damage.
Something barely misses you. You block something's attack.
You barely miss something. You block the quasit's attack.
The quasit closely misses you. You block the quasit's attack.
Something hits you!
* * * LOW HITPOINT WARNING * * *
Something bites you!
* * * LOW HITPOINT WARNING * * *
Something draws strength from your injuries!
You take 18 damage, and have 6/88 hp.
MASSIVE DAMAGE!!
It was a potion of heal wounds.
You feel much better. The quasit barely misses you.
You block the quasit's attack. The quasit completely misses you.
Something hits you!
* * * LOW HITPOINT WARNING * * *
You block something's attack.
You regained 15 hp, and now have 21/88 hp.
You feel much better. You block the quasit's attack.
The quasit completely misses you. You block the quasit's attack.
Something hits you but does no damage. Something bites you!
* * * LOW HITPOINT WARNING * * *
Something draws strength from your injuries!
The quasit completely misses you. The quasit closely misses you.
You block the quasit's attack.
You regained 15 hp, and now have 36/88 hp.
You claw something! The quasit misses you. The quasit closely misses you.
The quasit barely misses you. Something hits you.
* * * LOW HITPOINT WARNING * * *
You block something's attack.
You take 4 damage, and have 32/88 hp.
You claw something! You block the quasit's attack. x2
The quasit claws you but does no damage.
You scratch something. Something hits you!
* * * LOW HITPOINT WARNING * * *
Something bites you.
* * * LOW HITPOINT WARNING * * *
Something draws strength from your injuries!
The quasit bites you but does no damage.
You block the quasit's attack. The quasit misses you.
You take 11 damage, and have 22/88 hp.
You barely miss something. Something hits you!
* * * LOW HITPOINT WARNING * * *
Something bites you.
* * * LOW HITPOINT WARNING * * *
Something draws strength from your injuries!
The quasit closely misses you. The quasit misses you.
The quasit closely misses you.
You take 18 damage, and have 4/88 hp.
MASSIVE DAMAGE!!
You barely miss something. You block the quasit's attack. The quasit claws you.
* * * LOW HITPOINT WARNING * * *
You block the quasit's attack. Something barely misses you.
Something bites you.
You die...

█..██ █..█ █S.█
██..█ █..███...█
█...█...█
█...<..██
█.......█ ███
██S.......█
█.████..██........
█@5██..████......█
██{.....█ ██....██
█S......█ █...█
█.........█ ...█
█...████..... ..
█...██ █..... █..█
..... █.█ ..... ██
..


You could see a quasit and an adder.

Vanquished Creatures
  A two-headed ogre (D:7)
  Eustachio (D:4)
  Edmund (D:4)
  A water moccasin (D:6)
  2 orc warriors (D:7)
  2 sky beasts (D:7)
  A necrophage (D:6)
  3 ogres
  2 centaurs
  A big kobold (D:6)
  3 bullfrogs
  2 scorpions
  4 killer bees (D:7)
  A bullfrog zombie (D:5)
  3 jellies
  2 centaur skeletons
  A bullfrog skeleton (D:5)
  7 orc priests
  5 hounds
  3 orc wizards
  Ijyb (D:3)
  Terence (D:2)
  2 iguanas
  5 worker ants
  A hound skeleton (D:3)
  A worker ant zombie (D:6)
  Robin (D:2)
  10 adders
  A gnoll (D:5)
  2 howler monkey skeletons (D:4)
  2 shadow imps
  A white imp (D:5)
  An ooze (D:6)
  An adder skeleton (D:4)
  An adder zombie (D:6)
  A worm (D:4)
  A dart slug (D:3)
  4 leopard geckos
  28 orcs
  6 bats
  17 goblins
  12 hobgoblins
  7 jackals
  9 kobolds
  5 quokkas
  3 frilled lizards
  4 rats
174 creatures vanquished.

Vanquished Creatures (others)
  2 fungi (D:8)
  9 plants
11 creatures vanquished.

Grand Total: 185 creatures vanquished

Notes
Turn   | Place    | Note
-------+----------+-------------------------------------------
     0 | D:1      | Goblin1989 the Troll Fighter began the quest for the Orb.
     0 | D:1      | Reached XP level 1. HP: 22/22 MP: 0/0
    92 | D:1      | Reached XP level 2. HP: 20/29 MP: 1/1
   720 | D:2      | Reached XP level 3. HP: 36/36 MP: 2/2
   727 | D:2      | Noticed Robin
   755 | D:2      | Killed Robin
   773 | D:2      | Reached skill level 3 in Unarmed Combat
   809 | D:2      | Noticed Terence
   817 | D:2      | Reached XP level 4. HP: 44/44 MP: 3/3
   827 | D:2      | Killed Terence
  1191 | D:3      | Reached XP level 5. HP: 47/53 MP: 4/4
  1254 | D:3      | Noticed Ijyb
  1272 | D:3      | Killed Ijyb
  1522 | D:3      | Found an iron altar of Okawaru.
  1544 | D:3      | Found a runed translucent door.
  1545 | D:3      | Noticed Crazy Yiuf
  1566 | D:3      | Became a worshipper of Warmaster Okawaru
  1588 | D:3      | Reached skill level 4 in Unarmed Combat
  1833 | D:3      | You fall into a shaft and drop 2 floors!
  1833 | D:5      | Entered Level 5 of the Dungeon
  1845 | D:5      | Found a transporter.
  1845 | D:5      | Noticed ThreePointFourteen's ghost (novice DsGl)
  1867 | D:5      | Noticed a centaur
  1878 | D:5      | Killed a centaur
  1879 | D:5      | Reached XP level 6. HP: 39/61 MP: 5/5
  1917 | D:5      | Found a transporter.
  1918 | D:5      | Found a staircase to the Ecumenical Temple.
  1975 | D:5      | Reached * piety under Okawaru
  1976 | D:5      | Reached skill level 1 in Throwing
  2210 | D:5      | Reached XP level 7. HP: 67/67 MP: 6/6
  2239 | D:5      | Reached skill level 5 in Unarmed Combat
  2372 | D:5      | Found a white marble altar of Elyvilon.
  2699 | D:5      | Found a blossoming altar of Fedhas.
  2934 | D:6      | Reached ** piety under Okawaru
  2960 | D:6      | Reached XP level 8. HP: 59/78 MP: 7/7
  2963 | D:6      | Reached skill level 1 in Invocations
  2972 | D:6      | Reached skill level 6 in Unarmed Combat
  3684 | D:4      | Reached *** piety under Okawaru
  3686 | D:4      | Noticed Edmund
  3707 | D:4      | Noticed Eustachio
  3743 | D:4      | Killed Edmund
  4052 | D:4      | Found a broken altar of Ashenzari.
  4103 | D:4      | Killed Eustachio
  4104 | D:4      | Reached skill level 7 in Unarmed Combat
  4104 | D:4      | Reached XP level 9. HP: 66/85 MP: 9/9
  4798 | D:7      | Noticed a two-headed ogre
  4812 | D:7      | Killed a two-headed ogre
  4930 | D:7      | Reached **** piety under Okawaru
  4937 | D:7      | Reached skill level 5 in Shields
  5026 | D:7      | Reached skill level 5 in Dodging
  5116 | D:7      | Found a white marble altar of Elyvilon.
  5215 | D:7      | Reached skill level 5 in Fighting
  5247 | D:7      | Found a shadowy altar of Dithmenos.
  5382 | D:7      | Reached skill level 8 in Unarmed Combat
  5787 | D:7      | Found a bloodstained altar of Trog.
  5900 | D:8      | HP: 4/88 [something (6)]
  5901 | D:8      | Slain by a vampire

Illustrated notes

Levels and vault maps discovered:
D:1:      saegor_arrival_simple_b, layout_loops_cross
D:2:      layout_rooms, uniq_terence, uniq_robin
D:3:      layout_rooms, overflow_temple_1_default, minivault_5, uniq_ijyb,
          uniq_crazy_yiuf_cottage
D:4:      kennysheep_six_static_rooms, layout_cave_pools, kennysheep_mini_moat,
          uniq_eustachio, uniq_edmund
D:5:      minmay_general_purpose_star, layout_loops_ring,
          minmay_temple_entry_junction_2, gammafunk_ghost_mausoleum,
          basic_altar, fedhas_altar_fruit_tree
D:6:      layout_rooms, lexackson_kobold_supper
D:7:      layout_basic, general_overflow_altar, marbit_many_paths,
          lemuel_coloured_pillars_altar
D:8:      layout_layer_cave, grunt_lair_entry_orc_guard_hut, special_room
          [special_room_orc], gammafunk_ghost_mausoleum

Skill      XL: |  1  2  3  4  5  6  7  8  9 |
---------------+----------------------------+-----
Unarmed Combat | 3 4 5 7 8 |  8.2
Dodging        | 3 4 5 |  5.2
Fighting       | 3 4 5 |  5.1
Shields        | 3 4 5 |  5.2
Throwing       | 1 2 3 4 |  4.3
Invocations    | 2 3 |  3.8

Action                   |  1- 3 |  4- 6 |  7- 9 || total
-------------------------+-------+-------+-------++-------
Melee: Unarmed           |   112 |   153 |   371 ||   636
Invok: Heroism           |       |       |     3 ||     3
  Use: Scroll            |       |     3 |     1 ||     4
       Potion            |       |       |     3 ||     3
 Stab: Sleeping          |       |     1 |     2 ||     3
Armor: Robe              |    39 |    41 |   124 ||   204
Dodge: Dodged            |    50 |    54 |   161 ||   265
Block: Kite shield       |    59 |    68 |   219 ||   346

Table legend: (Time is in decaauts)
 A = Elapsed time spent in this place.
 B = Non-inter-level travel time spent in this place.
 C = Inter-level travel time spent in this place.
 D = Time resting spent in this place.
 E = Time spent auto-exploring this place.
 F = Levels seen in this place.
 G = Mean time per level.
                   A        B        C        D        E       F      G
               +--------+--------+--------+--------+--------+-----+--------+
         Total |   5878 |   5456 |    422 |      3 |   4234 |   8 |  734.8 |
       Dungeon |   5878 |   5456 |    422 |      3 |   4234 |   8 |  734.8 |
               +--------+--------+--------+--------+--------+-----+--------+

Top non-repeatable levels by time:
     D:5: 1173 daAuts
     D:7: 1063 daAuts
     D:4: 888 daAuts
     D:3: 783 daAuts
     D:1: 764 daAuts
     D:6: 592 daAuts
     D:2: 582 daAuts
     D:8: 29 daAuts
